 Dungeon Crawl Stone Soup version 0.27.1-2-g3b301248ec (webtiles) character file.

Game seed: 17584925151801536385

875 raph the Conjurer (level 7, -1/43 (53) HPs)
             Began as a White Draconian Conjurer on Oct 1, 2021.
             Was a Priest of Zin.
             Slain by a wight (5 damage)
             ... on level 5 of the Dungeon.
             The game lasted 00:11:57 (6318 turns).

raph the Conjurer (White Draconian Conjurer)        Turns: 6318, Time: 00:11:57

HP:   -1/43 (53)    AC:  6    Str:  6 (9)  XL:     7   Next: 74%
MP:   2/12          EV: 11    Int: 19 (21) God:    Zin [***...]
Gold: 349           SH:  3    Dex:  7 (9)  Spells: 3/13 levels left

rFire    + . .     SeeInvis .   u - +0 long sword
rCold    + . .     Faith    .   w - +0 buckler
rNeg     . . .     Spirit   .   (armour unavailable)
rPois    .         Reflect  .   (helmet restricted)
rElec    .         Harm     .   (no cloak)
rCorr    .         Rampage  .   (no gloves)
Will     .....                  (no boots)
Stlth    ++........             b - amulet of the acrobat
HPRegen  0.14/turn              c - ring of wizardry
MPRegen  0.13/turn              s - ring of protection from fire

@: about to teleport, short of breath, heavily drained
A: breathe frost, AC +6, unfitting armour, cold resistance 1, cold-blooded
a: Breathe Frost, Renounce Religion, Recite, Vitalisation, Imprison, Donate Gold


You were on level 5 of the Dungeon.
You worshipped Zin.
Zin was most pleased with you.
You visited 2 branches of the dungeon, and saw 7 of its levels.

You collected 387 gold pieces.
You donated 38 gold pieces to Zin.

Inventory:

Hand Weapons
 f - a +0 dagger
 k - a +0 falchion
 u - a +0 long sword (weapon)
Missiles
 o - 3 javelins
Armour
 w - a +0 buckler (worn)
Jewellery
 b - an amulet of the acrobat (around neck)
 c - a ring of wizardry (left hand)
 s - a ring of protection from fire (right hand)
Scrolls
 e - a scroll of summoning {unknown}
 h - a scroll of vulnerability {unknown}
 i - a scroll of magic mapping {unknown}
 l - 3 scrolls of blinking {unknown}
 m - 2 scrolls of identify {unknown}
 n - a scroll of noise {unknown}
 q - a scroll of enchant armour {unknown}
 r - a scroll of amnesia {unknown}
 t - a scroll of fog {unknown}
 v - a scroll of enchant weapon {unknown}
Potions
 a - 2 potions of cancellation
 g - a potion of lignification
 j - 5 potions of curing


   Skills:
 + Level 1.8 Fighting
 + Level 3.7 Dodging
 + Level 3.9 Stealth
 * Level 1.0 Shields
 + Level 3.8 Spellcasting
 * Level 6.5 Conjurations
 * Level 0.7 Hexes
 + Level 1.7 Invocations


You had 3 spell levels left.
You knew the following spells:

 Your Spells              Type           Power      Damage    Failure   Level
a - Magic Dart            Conj           100%       1d8       1%          1
b - Searing Ray           Conj           56%        3d5       1%          2
c - Dazzling Flash        Conj/Hex       34%        N/A       6%          3
d - Fulminant Prism       Conj/Hex       8%         3d7       17%         4

Your spell library contained the following spells:

 Spells                   Type           Power      Damage    Failure   Level
 Mephitic Cloud           Conj/Pois/Air  11%        N/A       11%         3
 Ignite Poison            Fire/Tmut/Pois 3%         N/A       24%         3
 Iskenderun's Mystic Bla  Conj/Tloc      16%        2d5       21%         4
 Bolt of Magma            Conj/Fire/Erth 5%         4d5       65%         5


Dungeon Overview and Level Annotations

Branches:
Dungeon (6/15)             Temple (1/1) D:4

Altars:
Ashenzari
Cheibriados
Dithmenos
Elyvilon
Fedhas
Gozag
Hepliaklqana
Kikubaaqudgha
Makhleb
Nemelex Xobeh
Qazlal
Ru
Sif Muna
Trog
Uskayaw
Vehumet
Wu Jian
Xom
Yredelemnul
Zin
The Shining One


Innate Abilities, Weirdness & Mutations

You can breathe waves of freezing cold which knock back foes.
Your icy white scales are hard. (AC +6)
You cannot fit into any form of body armour.
Your flesh is cold resistant. (rC+)
You are cold-blooded and may be slowed by cold attacks.


Message History

The wight hits you with a +0 short sword.
* * * LOW HITPOINT WARNING * * *
You feel drained.
An orc comes into view. It is wielding a +0 club.
The orc shouts!
Okay, then.
Okay, then.
The wight barely misses you.
You barely miss the wight.
The wight is severely damaged.
The wight hits you with a +0 short sword.
* * * LOW HITPOINT WARNING * * *
You feel drained.
* * * LOW HITPOINT WARNING * * *
The wight hits you with a +0 short sword.
* * * LOW HITPOINT WARNING * * *
You feel drained.
It was a potion of curing.
You feel better.
The wight hits you with a +0 short sword.
* * * LOW HITPOINT WARNING * * *
You feel drained.
* * * LOW HITPOINT WARNING * * *
It was a potion of lignification.
Zin protects your body from unnatural transformation!
You feel woody for a moment. The orc misses you.
The wight hits you with a +0 short sword.
* * * LOW HITPOINT WARNING * * *
It was a potion of cancellation.
You feel magically purged. The orc hits you but does no damage.
The wight hits you with a +0 short sword.
* * * LOW HITPOINT WARNING * * *
It was a potion of degeneration.
There was something very wrong with that liquid.
You feel weakened.
You feel dopey.
You feel clumsy. The orc hits you but does no damage.
The wight closely misses you.
As you read the scroll labelled VATWOTWOSAI, it crumbles to dust.
You feel strangely unstable.
It was a scroll of teleportation.
The orc closely misses you.
The wight hits you with a +0 short sword.
You die...

#############
#.......).z@#
#.#########o#
#.# #.# #.#
#.# #.# #.#
#.#


You could see a wight and an orc.

Vanquished Creatures
  An ogre (D:3)
  3 wights
  A jelly (D:6)
  4 hounds
  5 orc priests
  Jessica (D:2)
  5 orc wizards
  Robin (D:2)
  3 adders
  3 gnolls
  A white imp (D:6)
  2 dart slugs (D:1)
  16 orcs
  7 ball pythons
  8 bats
  5 endoplasms
  4 giant cockroaches
  16 goblins
  12 hobgoblins
  3 jackals (D:3)
  4 quokkas
  4 frilled lizards
  7 kobolds
  10 rats
  A spectral goblin (D:1)
127 creatures vanquished.

Vanquished Creatures (others)
  An orc wizard (D:6)
  A fungus (D:4)
  3 toadstools (D:4)
5 creatures vanquished.

Grand Total: 132 creatures vanquished

Notes
Turn   | Place    | Note
-------+----------+-------------------------------------------
     0 | D:1      | raph the Draconian Conjurer began the quest for the Orb.
     0 | D:1      | Reached XP level 1. HP: 14/14 MP: 3/3
   228 | D:1      | Reached XP level 2. HP: 20/20 MP: 0/5
   564 | D:1      | Learned a level 2 spell: Searing Ray
  1041 | D:1      | Found a faded altar of an unknown god.
  1227 | D:1      | Reached XP level 3. HP: 26/26 MP: 2/6
  1231 | D:1      | Learned a level 3 spell: Dazzling Flash
  1411 | D:2      | Identified the +0 helmet of Cippuom {rPois}
  1411 | D:2      | Noticed Robin
  1671 | D:2      | Killed Robin
  2316 | D:2      | Reached XP level 4. HP: 33/33 MP: 4/7
  2492 | D:2      | Noticed Jessica
  2495 | D:2      | Killed Jessica
  2590 | D:2      | Reached skill level 5 in Conjurations
  2612 | D:2      | Reached XP level 5. HP: 13/38 MP: 0/9
  3273 | D:3      | Noticed an ogre
  3284 | D:3      | Killed an ogre
  3352 | D:3      | Reached XP level 6. HP: 45/45 MP: 4/10
  3811 | D:3      | Learned a level 4 spell: Fulminant Prism
  4357 | D:4      | Found a staircase to the Ecumenical Temple.
  4366 | Temple   | Entered the Ecumenical Temple
  4834 | Temple   | Became a worshipper of Zin the Law-Giver
  4834 | Temple   | Reached * piety under Zin
  5148 | D:4      | Reached ** piety under Zin
  5182 | D:4      | Reached *** piety under Zin
  5611 | D:4      | You fall into a shaft and drop 2 floors!
  5628 | D:6      | Reached skill level 6 in Conjurations
  5828 | D:6      | Your scales start taking on an icy white colour.
  5828 | D:6      | Reached XP level 7. HP: 39/51 MP: 8/12
  5828 | D:6      | Gained mutation: Your flesh is cold resistant. (rC+) [White
                  | Draconian growth]
  5829 | D:6      | Reached skill level 1 in Fighting
  5829 | D:6      | Reached skill level 1 in Invocations
  6226 | D:5      | Entered Level 5 of the Dungeon
  6304 | D:5      | Reached skill level 1 in Shields
  6318 | D:5      | Slain by a wight

Illustrated notes

Levels and vault maps discovered:
D:1:      psy_arrival_heroes, layout_basic,
          dreamdust_ecumenical_altar_drowned_temple, minivault_25,
          minmay_misc_feat_alley, due_unseen_surprise
D:2:      layout_loops_ring, uniq_jessica, uniq_robin
D:3:      cheibrodos_helix_gallery, layout_loops_cross,
          minmay_misc_feat_nine_boxes
D:4:      layout_loops_cross, minmay_temple_entry_glass,
          hangedman_decor_diamond_cutter, minmay_gold_behind_fungi,
          nicolae_shop_gadgets
D:5:      layout_loops_ring
D:6:      layout_basic, hangedman_minor_gate_pass
Temple:   roderic_octagonal_lattice_temple

Skill      XL: |  1  2  3  4  5  6  7 |
---------------+----------------------+-----
Stealth        | 2 3 |  3.9
Dodging        | 2 3 |  3.7
Conjurations   | 5 6 |  6.5
Spellcasting   | 3 |  3.8
Fighting       | 1 |  1.8
Invocations    | 1 |  1.7
Shields        | 1 |  1.0
Hexes          | |  0.7

Action                   |  1- 3 |  4- 6 |  7- 9 || total
-------------------------+-------+-------+-------++-------
Melee: Dagger            |    43 |       |       ||    43
       Tailslap          |     5 |     5 |     3 ||    13
       Unarmed           |     3 |       |       ||     3
       Falchion          |    16 |    46 |       ||    62
       Long sword        |       |       |    10 ||    10
 Cast: Magic Dart        |    53 |    17 |     6 ||    76
       Searing Ray       |     9 |    24 |    11 ||    44
Invok: Recite            |       |       |     2 ||     2
 Abil: Breathe Frost     |       |       |     1 ||     1
  Use: Potion            |       |       |     4 ||     4
       Scroll            |       |       |     1 ||     1
 Stab: Sleeping          |     1 |     5 |       ||     6
Armor: Skin              |    39 |     9 |     5 ||    53
Dodge: Dodged            |    62 |    32 |    30 ||   124
Block: Buckler           |       |       |     3 ||     3
       Rpst.: Falchion   |     4 |    16 |       ||    20
       Long sword        |       |       |    10 ||    10
